 Dungeon Crawl Stone Soup version 0.20.0-10-g0535bb4 (webtiles) character file.

1506 maniacrov the Cleaver (level 8, 0/71 HPs)
             Began as a Minotaur Monk on June 5, 2017.
             Was a Believer of Ashenzari.
             Slain by a killer bee (4 damage)
             ... on level 7 of the Dungeon.
             The game lasted 00:25:16 (4286 turns).

maniacrov the Cleaver (Minotaur Monk)               Turns: 4286, Time: 00:25:17

Health: 0/71       AC: 13    Str: 18    XL:     8   Next: 52%
Magic:  7/7        EV:  9    Int:  7    God:    Ashenzari [**....]
Gold:   290        SH:  0    Dex: 13    Spells: 7/7 levels left

rFire    . . .     SeeInvis +   a - +0 hand axe
rCold    . . .     Gourm    .   (no shield)
rNeg     . . .     Faith    .   B - +0 chain mail
rPois    +         Spirit   .   (helmet restricted)
rElec    .         Reflect  .   h - +0 cloak
rCorr    .         Harm     +   (no gloves)
MR       .....                  y - +0 pair of boots (curse)
Stlth    ..........             j - amulet of harm
Regen    0.7/turn               s - ring of stealth
MPRegen  0.1/turn               (no ring)

@: lethally poisoned (0 -> -2)
A: retaliatory headbutt, horns 2, talons 1, see invisible, poison resistance,
regeneration 1
a: Curse Item, Scrying, Renounce Religion


You were on level 7 of the Dungeon.
You worshipped Ashenzari.
Ashenzari was pleased with you.
You were not hungry.

You visited 1 branch of the dungeon, and saw 7 of its levels.

You collected 290 gold pieces.

Inventory:

Hand Weapons
 a - a +0 hand axe (weapon)
Missiles
 m - 2 tomahawks (quivered)
Armour
 h - a +0 cloak (worn)
 y - a cursed +0 pair of boots (worn)
 B - a +0 chain mail (worn)
Magical Staves
 D - an uncursed staff of earth
Jewellery
 j - an amulet of harm (around neck)
 s - a ring of stealth (left hand)
Wands
 v - a wand of flame (16/48)
Scrolls
 e - a scroll of recharging
 k - a scroll of remove curse
 q - 2 scrolls of teleportation {unknown}
 r - a scroll of enchant armour
 x - 2 scrolls of blinking
 A - 2 scrolls of identify
Potions
 b - a potion of ambrosia {unknown}
 d - a potion of brilliance {unknown}
 f - a potion of agility
 g - a potion of cancellation {unknown}
 n - a potion of mutation
 p - 3 potions of haste
 u - a potion of lignification {unknown}
 C - a potion of degeneration {unknown}
 E - a potion of berserk rage {unknown}
Comestibles
 c - 2 bread rations
 i - 4 meat rations
 o - 3 royal jellies


   Skills:
 + Level 6.3 Fighting
 + Level 8.8 Axes
 + Level 1.0 Throwing
 * Level 7.7 Armour
 - Level 3.2 Dodging
 + Level 2.5 Stealth


You had 7 spell levels left.
You didn't know any spells.

Dungeon Overview and Level Annotations

Branches:
Dungeon (7/15)             Temple (0/1) D:4

Altars:
Ashenzari
Dithmenos


Innate Abilities, Weirdness & Mutations

You reflexively headbutt those who attack you in melee.
You have a pair of horns on your head.
You have sharp toenails.
You have supernaturally acute eyesight. (SInv)
Your system is resistant to poisons. (rPois)
Your natural rate of healing is unusually fast.


Message History

You completely miss the killer bee.
You feel sick. The killer bee stings you.
* * * LOW HITPOINT WARNING * * *
The killer bee stings you but does no damage.
You slash the crimson imp! Your headbutt misses the crimson imp.
The crimson imp is severely wounded.
You miss the killer bee.
You feel sick.
The crimson imp hits you but does no damage.
The killer bee barely misses you.
You miss the crimson imp.
The crimson imp is severely wounded.
You hit the killer bee.
You feel sick.
The killer bee stings you but does no damage.
The crimson imp hits you but does no damage.
The killer bee stings you.
* * * LOW HITPOINT WARNING * * *
You miss the crimson imp.
The crimson imp is heavily wounded.
Your chain mail prevents you from hitting the killer bee.
You feel sick. The killer bee stings you.
You die...

≈ * , ,,,*##*
...... ,
#.###*#...... , ,
...##....... ,, ,
, * ..........., ,
,,{** #..........
≈ ##.......... ,
,,, ##y..........
, , ,
#@5..[.......
##..##......... ,
, ,*
##..###.........,,
####... ##........
*......# #........
*##...## #........
<
###..####........
, *
##[.#.......... ,
,*
##.....###........


You could see a killer bee and a crimson imp.

Vanquished Creatures
  A steam dragon (D:7)
  A sky beast (D:6)
  An ice beast (D:4)
  2 centaurs (D:5)
  An ogre (D:4)
  The ghost of maniacrov the Gusty, an amateur DEAE of Sif Muna (D:4)
  A bullfrog (D:6)
  A scorpion (D:4)
  2 killer bees (D:7)
  A howler monkey (D:6)
  3 crimson imps
  An orc priest (D:6)
  A centaur skeleton (D:6)
  2 hounds (D:6)
  A bullfrog skeleton (D:6)
  An orc wizard (D:6)
  Natasha (thrice) (D:3)
  2 worker ants
  A killer bee zombie (D:7)
  Robin (D:3)
  A worker ant zombie (D:5)
  7 adders
  2 oozes
  An adder skeleton (D:4)
  2 adder zombies
  4 worms
  2 dart slugs
  3 leopard geckos
  8 orcs
  6 giant cockroaches
  21 goblins
  8 hobgoblins
  9 jackals
  8 kobolds
  6 quokkas
  3 ball pythons
  8 bats
  2 frilled lizards (D:1)
  A giant cockroach zombie (D:6)
  A quokka zombie (D:5)
  6 rats
137 creatures vanquished.

Notes
Turn   | Place    | Note
-------+----------+-------------------------------------------
     0 | D:1      | maniacrov the Minotaur Monk began the quest for the Orb.
     0 | D:1      | Reached XP level 1. HP: 19/19 MP: 0/0
   203 | D:1      | Reached skill level 1 in Armour
   206 | D:1      | Reached XP level 2. HP: 27/27 MP: 1/1
   354 | D:1      | Reached skill level 4 in Axes
   626 | D:2      | Reached XP level 3. HP: 24/33 MP: 2/2
   845 | D:2      | Found a shadowy altar of Dithmenos.
   972 | D:2      | Found a shattered altar of Ashenzari.
  1013 | D:2      | Reached XP level 4. HP: 41/41 MP: 3/3
  1027 | D:2      | Became a worshipper of Ashenzari the Shackled
  1027 | D:2      | Reached * piety under Ashenzari
  1027 | D:2      | Reached ** piety under Ashenzari
  1337 | D:3      | Noticed Natasha
  1363 | D:3      | Killed Natasha
  1404 | D:3      | Noticed Natasha
  1424 | D:3      | Killed Natasha
  1424 | D:3      | Reached XP level 5. HP: 37/47 MP: 4/4
  1510 | D:3      | Reached skill level 5 in Axes
  1572 | D:3      | Noticed Robin
  1586 | D:3      | Killed Robin
  1790 | D:3      | Noticed Natasha
  1798 | D:3      | Killed Natasha
  2343 | D:4      | Found a staircase to the Ecumenical Temple.
  2360 | D:4      | Noticed maniacrov's ghost (amateur DEAE)
  2364 | D:4      | Reached XP level 6. HP: 12/55 MP: 5/5
  2371 | D:4      | Killed maniacrov's ghost
  2371 | D:4      | Reached skill level 5 in Fighting
  2371 | D:4      | Reached skill level 6 in Axes
  3001 | D:4      | Noticed an ice beast
  3012 | D:4      | Killed an ice beast
  3012 | D:4      | Reached skill level 5 in Armour
  3012 | D:4      | Reached XP level 7. HP: 61/61 MP: 6/6
  3042 | D:5      | Entered Level 5 of the Dungeon
  3077 | D:5      | Reached skill level 7 in Axes
  3843 | D:6      | Reached skill level 1 in Throwing
  3843 | D:6      | Reached XP level 8. HP: 51/70 MP: 7/7
  3894 | D:6      | Reached skill level 8 in Axes
  4281 | D:7      | Gained mutation: Your natural rate of healing is unusually fast. [potion of mutation]
  4281 | D:7      | Gained mutation: You have supernaturally acute eyesight. (SInv) [potion of mutation]
  4281 | D:7      | Gained mutation: You have sharp toenails. [potion of mutation]
  4281 | D:7      | Gained mutation: Your system is resistant to poisons. (rPois) [potion of mutation]
  4286 | D:7      | Slain by a killer bee

Skill      XL: |  1  2  3  4  5  6  7  8 |
---------------+-------------------------+-----
Armour         | 1 2 3 5 6 7 |  7.7
Axes           | 4 5 6 7 8 |  8.8
Fighting       | 4 5 6 |  6.3
Stealth        | 2 |  2.5
Throwing       | 1 |  1.0
Dodging        | |  3.2

Action                   |  1- 3 |  4- 6 |  7- 9 || total
-------------------------+-------+-------+-------++-------
Melee: Hand axe          |   103 |   170 |   151 ||   424
       Headbutt          |    21 |    26 |    34 ||    81
Throw: Tomahawk          |       |     7 |     1 ||     8
Invok: Curse Item        |       |     1 |       ||     1
       Scrying           |       |       |     1 ||     1
  Use: Scroll            |     4 |     3 |     1 ||     8
       Potion            |     1 |     5 |     2 ||     8
 Stab: Sleeping          |       |     3 |       ||     3
  Eat: Fruit             |       |     1 |     5 ||     6
       Royal jelly       |       |     1 |       ||     1
       Bread ration      |       |     1 |       ||     1
Armor: Ring mail         |    40 |    48 |     9 ||    97
       Chain mail        |       |       |    95 ||    95
Dodge: Dodged            |    70 |   106 |    75 ||   251
